 Dungeon Crawl Stone Soup version 0.19.0-2-gae57169 (webtiles) character file.

856 Naow the Cleaver (level 7, -1/57 HPs)
             Began as a Minotaur Berserker on Nov 6, 2016.
             Was a Priest of Trog.
             Killed from afar by cerberus's ghost (7 damage)
             ... with a rocky blast
             ... on level 5 of the Dungeon.
             The game lasted 00:05:03 (4379 turns).

Naow the Cleaver (Minotaur Berserker)               Turns: 4379, Time: 00:05:04

Health: -1/57      AC:  3    Str: 21    XL:     7   Next: 70%
Magic:  6/6        EV: 12    Int:  6    God:    Trog [***...]
Gold:   164        SH:  0    Dex: 10    Spells: 0 memorised, 6 levels left

rFire  . . .     SeeInvis .     a - +0 hand axe
rCold  . . .     Gourm    .     b - +0 animal skin
rNeg   . . .     Faith    .     (no shield)
rPois  .         Spirit   .     (helmet restricted)
rElec  .         Reflect  .     k - +0 cloak
rCorr  .         Harm     .     (no gloves)
MR     ++...                    (no boots)
Stlth  +.........               (no amulet)
                                (no ring)
                                (no ring)

@: exhausted, regenerating, slowed, very slow
A: retaliatory headbutt, horns 2
a: Berserk, Trog's Hand, Burn Spellbooks, Renounce Religion


You were on level 5 of the Dungeon.
You worshipped Trog.
Trog was most pleased with you.
You were near starving.

You visited 1 branch of the dungeon, and saw 5 of its levels.
You also visited: Sewer.

You collected 164 gold pieces.

Inventory:

Hand Weapons
 a - a +0 hand axe (weapon)
Armour
 b - a +0 animal skin (worn)
 k - a +0 cloak (worn)
 r - a +0 large shield
Wands
 l - a wand of iceblast (12/15)
 t - a wand of lightning (12/15)
Scrolls
 d - 2 scrolls of noise {unknown}
 g - 3 scrolls of magic mapping {unknown}
 h - 7 scrolls of identify {unknown}
 i - a scroll of teleportation {unknown}
 j - 4 scrolls of remove curse {unknown}
 p - 2 scrolls of random uselessness {unknown}
 y - a scroll of fog {unknown}
Potions
 e - 4 potions of curing {unknown}
 m - a potion of might {unknown}
 n - a potion of agility {unknown}
 o - a potion of ambrosia {unknown}
 q - 2 potions of haste {unknown}
 v - 2 potions of flight {unknown}
 w - 2 potions of heal wounds {unknown}
 x - a potion of brilliance {unknown}
 z - a potion of degeneration {unknown}
Comestibles
 c - 3 bread rations
 f - 2 meat rations
 s - 2 slices of pizza


   Skills:
 - Level 3.6 Fighting
 + Level 10.9 Axes
 - Level 2.4 Armour
 - Level 2.1 Dodging


You had 6 spell levels left.
You didn't know any spells.

Dungeon Overview and Level Annotations

Branches:
Dungeon (5/15)
 Temple: D:4-7

Altars:
Cheibriados
Dithmenos
Elyvilon
Fedhas
Ru
Sif Muna

Annotations:
D:5 cerberus's ghost, novice DgEE


Innate Abilities, Weirdness & Mutations

You reflexively headbutt those who attack you in melee.
You have a pair of horns on your head.


Message History

You start resting.
Cerberus's ghost (novice Demigod Earth Elementalist) comes into view.
It is wielding a weapon of chaos.
Cerberus's ghost is nearby!
Cerberus's ghost is nearby!
You see here a giant club.
You start resting.
Cerberus's ghost is nearby!
Cerberus's ghost turns its malevolent gaze towards you.
Cerberus's ghost hits you.
* * * LOW HITPOINT WARNING * * *
Cerberus's ghost burns you.
* * * LOW HITPOINT WARNING * * *
Your skin crawls.
You feel resistant to hostile enchantments.
You are near starving!
You can no longer call in reinforcements.
Cerberus's ghost says, "A rolling stone gathers plenty of Naow."
Cerberus's ghost casts a spell at you. The rocky blast hits you!
You die...

#.##.### . .....#######
.....
...........########....
##..####...............
##.# ####....###.....
#.# ##........# #.#
#.##.##..# #.#
#.##.##..### #.#
##....@.....#
#...$W##)...#..#
##.....##......#
.................#
..#####.##.##.##.# .
#.##.# .# # #..... .
##..... # ......


You could see cerberus's ghost.

Vanquished Creatures
  2 ice beasts (D:5)
  A phantom (D:4)
  2 ogres
  A big kobold (Sewer)
  A scorpion (D:4)
  A crimson imp (D:5)
  Terence (D:2)
  2 worker ants
  7 adders
  2 river rats (Sewer)
  A shadow imp (D:5)
  An ooze (D:2)
  5 worms
  2 dart slugs (D:1)
  2 leopard geckos
  2 orcs
  A ball python (D:1)
  6 giant cockroaches
  5 goblins
  9 hobgoblins
  14 jackals
  8 bats
  7 frilled lizards
  8 kobolds
  A leopard gecko zombie (D:5)
  13 rats
105 creatures vanquished.

Notes
Turn   | Place    | Note
-------+----------+-------------------------------------------
     0 | D:1      | Naow the Minotaur Berserker began the quest for the Orb.
     0 | D:1      | Reached XP level 1. HP: 19/19 MP: 0/0
    11 | D:1      | Reached skill level 4 in Axes
   247 | D:1      | Reached XP level 2. HP: 25/26 MP: 1/1
   784 | D:1      | Reached skill level 5 in Axes
   878 | D:2      | Reached XP level 3. HP: 31/31 MP: 2/2
   968 | D:2      | Reached ** piety under Trog
  1197 | D:2      | Found a deep blue altar of Sif Muna.
  1197 | D:2      | Found a blossoming altar of Fedhas.
  1198 | D:2      | Found a snail-covered altar of Cheibriados.
  1671 | D:2      | Reached XP level 4. HP: 35/39 MP: 3/3
  1818 | D:2      | Noticed Terence
  1825 | D:2      | Reached skill level 6 in Axes
  1833 | D:2      | Killed Terence
  2321 | D:3      | Reached XP level 5. HP: 45/45 MP: 4/4
  2333 | D:3      | Found a white marble altar of Elyvilon.
  2333 | D:3      | Found a shadowy altar of Dithmenos.
  2334 | D:3      | Found a sacrificial altar of Ru.
  2337 | D:3      | Reached *** piety under Trog
  2404 | D:3      | Reached skill level 7 in Axes
  2874 | D:4      | Found a glowing drain.
  2917 | D:4      | Reached skill level 8 in Axes
  3019 | Sewer    | Entered a sewer
  3101 | Sewer    | Reached XP level 6. HP: 51/51 MP: 5/5
  3189 | Sewer    | Found a glowing silver altar of Zin.
  3260 | D:4      | Reached skill level 9 in Axes
  3598 | D:4      | Reached XP level 7. HP: 57/57 MP: 6/6
  3678 | D:5      | Entered Level 5 of the Dungeon
  3701 | D:5      | Reached skill level 10 in Axes
  4149 | D:5      | Found a deep blue altar of Sif Muna.
  4335 | D:5      | Reached **** piety under Trog
  4370 | D:5      | Noticed cerberus's ghost (novice DgEE)
  4379 | D:5      | Killed from afar by cerberus's ghost

Skill      XL: |  1  2  3  4  5  6  7 |
---------------+----------------------+-----
Axes           | 4 5 6 8 9 10 | 10.9
Fighting       | |  3.6
Armour         | |  2.4
Dodging        | |  2.1

Action                   |  1- 3 |  4- 6 |  7- 9 || total
-------------------------+-------+-------+-------++-------
Melee: Hand axe          |    86 |   130 |    57 ||   273
       Headbutt          |    17 |    16 |     9 ||    42
Invok: Berserk           |     1 |     5 |     2 ||     8
       Trog's Hand       |       |       |     1 ||     1
 Stab: Sleeping          |     1 |       |       ||     1
  Eat: Chunk             |     3 |    10 |     4 ||    17
Armor: Animal skin       |    21 |    17 |     7 ||    45
Dodge: Dodged            |    60 |    68 |    23 ||   151
